 Dungeon Crawl Stone Soup version 0.23.2-1-ga50397a (webtiles) character file.

Game seed: 15820033784880436954

13171 Borgoz the Slicer (level 12, -9/84 HPs)
             Began as a Halfling Gladiator on May 25, 2019.
             Was a Follower of Ashenzari.
             Mangled by a death yak (20 damage)
             ... on level 10 of the Dungeon.
             The game lasted 00:23:17 (15735 turns).

Borgoz the Slicer (Halfling Gladiator)             Turns: 15735, Time: 00:23:18

Health: -9/84      AC: 15    Str: 22    XL:     12   Next: 29%
Magic:  0/15       EV: 19    Int:  6    God:    Ashenzari [*.....]
Gold:   502        SH:  0    Dex: 17    Spells: 11/11 levels left

rFire    . . .     SeeInvis +   a - +1 rapier
rCold    . . .     Gourm    +   (shield restricted)
rNeg     . . .     Faith    .   t - +0 scale mail
rPois    .         Spirit   +   c - +1 helmet
rElec    .         Reflect  .   w - scarf {Spirit}
rCorr    .         Harm     .   o - +2 pair of gloves
MR       .....                  Q - +0 pair of boots
Stlth    ++........             L - amulet of the gourmand
HPRegen  0.24/turn              z - ring of see invisible
MPRegen  0.14/turn              F - +3 ring of strength

@: marked, lightly drained
A: small, mutation resistance 1
a: Curse Item, Scrying, Renounce Religion


You were on level 10 of the Dungeon.
You worshipped Ashenzari.
Ashenzari was aware of your devotion.
You were completely stuffed.

You visited 2 branches of the dungeon, and saw 12 of its levels.
You also visited: Sewer and Ossuary.

You collected 598 gold pieces.
You spent 96 gold pieces at shops.

Inventory:

Hand Weapons
 a - a +1 rapier (weapon)
 e - a +0 short sword of speed
 M - a +4 dagger
Armour
 c - a +1 helmet (worn)
 o - a +2 pair of gloves (worn)
 t - a +0 scale mail (worn)
 w - a scarf of spirit shield (worn)
 O - a +0 troll leather armour
 Q - a +0 pair of boots (worn)
Jewellery
 m - an uncursed ring of protection from cold
 n - an uncursed ring of poison resistance
 z - a ring of see invisible (left hand)
 D - an uncursed ring of magical power
 E - an uncursed amulet of magic regeneration
 F - a +3 ring of strength (right hand)
 J - an uncursed amulet of the acrobat
 L - an amulet of the gourmand (around neck)
Wands
 v - a wand of digging (5)
 A - a wand of disintegration (23)
 I - a wand of acid (4)
 K - a wand of flame (41)
 N - a wand of random effects (7)
Scrolls
 h - 3 scrolls of amnesia
 j - 6 scrolls of teleportation
 x - 4 scrolls of enchant weapon
 y - 8 scrolls of remove curse
 B - a scroll of fear
 C - 4 scrolls of fog
 P - 2 scrolls of enchant armour
Potions
 g - 5 potions of brilliance
 i - 2 potions of mutation
 k - 3 potions of haste
 l - 3 potions of curing
 p - a potion of might
 q - 2 potions of cancellation
 r - 2 potions of magic
 s - 2 potions of flight
 u - a potion of agility
 G - 2 potions of degeneration {unknown}
Comestibles
 f - 16 rations


   Skills:
 * Level 8.4(8.0) Fighting
 * Level 11.2(10.8) Short Blades
 - Level 2.0(1.6) Throwing
 * Level 9.7(9.3) Armour
 * Level 10.3(9.9) Dodging
 - Level 5.0(4.6) Stealth
 - Level 5.0(4.6) Evocations


You had 11 spell levels left.
You didn't know any spells.
Your spell library contained the following spells:

 Spells                   Type           Power        Failure   Level  Hunger
 Sandblast                Erth           #.....       73%         1    ##.....
 Passwall                 Tmut/Erth      #.......     86%         2    ###....
 Stone Arrow              Conj/Erth      #.....       97%         3    ####...
 Petrify                  Tmut/Erth      #.......     100%        4    #####..
 Lee's Rapid Deconstruct  Erth           #.........   100%        5    ######.


Dungeon Overview and Level Annotations

Branches:
Dungeon (11/15)            Temple (1/1) D:5
   Lair: D:8-11         Orc: D:9-12

Altars:
Ashenzari
Cheibriados
Dithmenos
Elyvilon
Fedhas
Gozag
Hepliaklqana
Kikubaaqudgha
Makhleb
Nemelex Xobeh
Okawaru
Qazlal
Ru
Sif Muna
Trog
Uskayaw
Vehumet
Wu Jian
Xom
Yredelemnul
Zin
The Shining One

Shops:
D:7 ?   D:10 %

Annotations:
D:9 3 runed translucent doors, diana's ghost, novice DsFi


Innate Abilities, Weirdness & Mutations

You are small and have problems with some larger weapons.
You are somewhat resistant to further mutation.


Message History

The death yak is severely wounded.
Throwing (i - inventory)
d - a throwing net (quivered)
Press: ? - help, Shift-Dir - straight line, f - death yak
Aim: a death yak (severely wounded)
You throw a throwing net.
The throwing net barely misses the death yak.
The death yak gores you.
* * * LOW HITPOINT WARNING * * *
Okay, then.
Evoke which item? (* to show all) (? for menu, Esc to quit)
You don't have any such object.
Evoke which item? (* to show all) (? for menu, Esc to quit)
Aiming: Corrosive Bolt
Press: ? - help, Shift-Dir - straight line, f/p - death yak
Aim: a death yak (severely wounded)
The bolt of acid hits the death yak!
The death yak is splashed with acid.
The acid corrodes the death yak!
The death yak is almost dead.
The death yak gores you!!
You die...

...# ...########
<.........# #####
#########.## #...# #..#
#.#.##### ##[## #.#.....#
#..# #.#####.#
###########.#######.#<..#.#
.........(.....Y@##.#.#.#.#
############.##.(##.....#.#
#[#...########(# #.#.<##
#....#.# #....####.##.#.#
##.....##.##.#.#
#...#.##..#.#.#
##..#.###.#.#.# #....#
#.....#


You could see a death yak.

Vanquished Creatures
  Erolcha (D:8)
  A two-headed ogre (D:8)
  2 death yaks (D:10)
  4 trolls
  2 hippogriffs (D:10)
  A shadow (D:10)
  Sigmund (D:4)
  A wyvern (D:9)
  20 yaks
  Edmund (D:6)
  A soldier ant (D:8)
  4 orc warriors
  An ice beast (D:8)
  2 sky beasts
  2 phantoms
  7 ogres
  2 centaurs
  6 big kobolds
  8 bullfrogs
  A wyvern zombie (D:8)
  6 scorpions
  3 killer bees (D:8)
  11 wights
  4 howler monkeys
  6 crimson imps
  6 centaur zombies
  A human zombie (Ossuary)
  3 jellies
  3 hounds
  3 orc wizards
  2 bullfrog skeletons
  6 orc priests
  2 centaur skeletons
  Terence (D:2)
  4 iguanas
  A hell rat (D:10)
  11 worker ants
  A big kobold zombie (Ossuary)
  2 hound zombies
  A hound skeleton (D:6)
  3 mummies (Ossuary)
  7 gnolls
  16 adders
  2 scorpion zombies (Ossuary)
  4 river rats
  4 shadow imps
  5 oozes
  3 adder skeletons
  6 worms
  3 dart slugs
  5 leopard geckos
  33 orcs
  4 ball pythons
  4 giant cockroaches
  8 goblins
  8 hobgoblins
  15 jackals
  20 kobolds
  4 quokkas
  10 bats
  6 frilled lizards
  2 gnoll zombies (Ossuary)
  2 goblin zombies (Ossuary)
  An orc zombie (Ossuary)
  A quokka zombie (D:5)
  9 rats
330 creatures vanquished.

Vanquished Creatures (others)
  A scorpion (Ossuary)
  2 plants (D:9)
3 creatures vanquished.

Grand Total: 333 creatures vanquished

Notes
Turn   | Place    | Note
-------+----------+-------------------------------------------
     0 | D:1      | Borgoz the Halfling Gladiator began the quest for the Orb.
     0 | D:1      | Reached XP level 1. HP: 14/14 MP: 1/1
    61 | D:1      | Reached XP level 2. HP: 14/19 MP: 2/2
   339 | D:1      | Reached skill level 1 in Armour
   376 | D:1      | Reached skill level 4 in Short Blades
   376 | D:1      | Reached XP level 3. HP: 24/24 MP: 3/3
  1189 | D:2      | Found a shattered altar of Ashenzari.
  1230 | D:2      | Reached XP level 4. HP: 24/30 MP: 4/4
  1460 | D:2      | Noticed Terence
  1470 | D:2      | Killed Terence
  1493 | D:2      | Reached XP level 5. HP: 34/35 MP: 5/5
  2701 | D:4      | Reached XP level 6. HP: 37/42 MP: 6/6
  2706 | D:4      | Reached skill level 5 in Short Blades
  2937 | D:4      | Found a glowing drain.
  2941 | Sewer    | Entered a sewer
  3119 | Sewer    | Reached XP level 7. HP: 45/46 MP: 7/7
  3218 | Sewer    | Reached skill level 5 in Dodging
  3952 | Sewer    | Reached skill level 6 in Short Blades
  4043 | D:4      | Reached XP level 8. HP: 53/54 MP: 8/8
  4092 | D:4      | Noticed Sigmund
  4127 | D:4      | Killed Sigmund
  4365 | D:5      | Entered Level 5 of the Dungeon
  4580 | D:5      | Reached skill level 5 in Armour
  4735 | D:5      | Found a sand-covered staircase.
  4741 | Ossuary  | Entered an ossuary
  4856 | Ossuary  | Reached skill level 7 in Short Blades
  5087 | Ossuary  | Reached skill level 5 in Fighting
  5087 | Ossuary  | Reached skill level 1 in Stealth
  5087 | Ossuary  | Reached XP level 9. HP: 61/61 MP: 9/9
  5240 | Ossuary  | Reached skill level 1 in Evocations
  6242 | D:2      | Became a worshipper of Ashenzari the Shackled
  6397 | D:5      | Found a staircase to the Ecumenical Temple.
  6466 | Temple   | Entered the Ecumenical Temple
  7624 | D:6      | Reached skill level 8 in Short Blades
  7927 | D:6      | Noticed Edmund
  7990 | D:6      | Killed Edmund
  8469 | D:7      | Reached XP level 10. HP: 52/68 MP: 11/11
  8695 | D:7      | Found Evept's Magic Scroll Boutique.
  8805 | D:7      | Bought 3 scrolls of identify for 96 gold pieces
  8943 | D:7      | Reached * piety under Ashenzari
 10069 | D:8      | Reached skill level 9 in Short Blades
 10751 | D:8      | Noticed a two-headed ogre
 10759 | D:8      | Killed a two-headed ogre
 11048 | D:8      | Reached XP level 11. HP: 66/74 MP: 13/13
 11504 | D:9      | Found a runed translucent gate.
 11504 | D:9      | Found a runed translucent gate.
 11504 | D:9      | Found a runed translucent gate.
 11505 | D:9      | Noticed a ten-headed hydra
 11505 | D:9      | Noticed diana's ghost (novice DsFi)
 12207 | D:9      | Reached skill level 10 in Short Blades
 12459 | D:9      | Noticed Erolcha
 12485 | D:8      | Paralysed by Erolcha for 4 turns
 12500 | D:8      | Killed Erolcha
 12753 | D:9      | Reached skill level 5 in Stealth
 13341 | D:10     | Entered Level 10 of the Dungeon
 14140 | D:10     | Found Lyptov's Food Boutique.
 14291 | D:11     | Noticed a death yak
 14291 | D:11     | Noticed a centaur warrior
 14292 | D:11     | Noticed a death yak
 14298 | D:11     | Noticed a death yak
 14323 | D:10     | Killed a death yak
 14323 | D:10     | Reached XP level 12. HP: 32/82 MP: 4/15
 14336 | D:10     | Killed a death yak
 14336 | D:10     | Reached skill level 10 in Dodging
 14789 | D:10     | Reached skill level 11 in Short Blades
 14789 | D:10     | Reached skill level 5 in Evocations
 15735 | D:10     | Mangled by a death yak

Skill      XL: |  1  2  3  4  5  6  7  8  9 10 11 12 |
---------------+-------------------------------------+-----
Fighting       | 2 3 4 5 6 8 |  8.4
Armour         | 1 2 3 4 5 6 7 9 |  9.7
Short Blades   | 4 5 6 7 8 9 10 11 | 11.2
Dodging        | 4 5 6 7 8 9 10 | 10.3
Stealth        | 1 2 4 5 |  5.0
Evocations     | 2 3 4 5 |  5.0
Throwing       | |  2.0

Action                   |  1- 3 |  4- 6 |  7- 9 | 10-12 || total
-------------------------+-------+-------+-------+-------++-------
Melee: Rapier            |   100 |       |       |   245 ||   345
       Short sword       |     5 |   398 |  1256 |  1205 ||  2864
Throw: Throwing net      |       |       |     2 |     4 ||     6
Evoke: Wand              |       |       |       |     7 ||     7
  Use: Scroll            |     3 |     2 |     4 |    13 ||    22
       Potion            |       |       |     5 |    10 ||    15
 Stab: Held in net/web   |       |       |       |     3 ||     3
       Sleeping          |       |       |       |     2 ||     2
  Eat: Chunk             |     1 |     7 |    10 |    43 ||    61
       Ration            |       |       |     2 |       ||     2
Armor: Leather armour    |    21 |       |       |       ||    21
       Chain mail        |     9 |    71 |       |       ||    80
       Scale mail        |       |    50 |   202 |   213 ||   465
       Skin              |       |       |    23 |       ||    23
Dodge: Dodged            |    90 |   177 |   435 |   698 ||  1400
